[ PARTIDA AOE2 · #474173901 ]
UnrankedMagiares vs Khmer
[ ANÁLISIS DE REPETICIÓN · EXTRAÍDO DE LA PARTIDA GRABADA ]
Feudal
—
Castillos
—
Imperial
—
| APM promedio | 97.0 |
| APM pico | 42 |
| eAPM promedio | 37.0 |
| Aldeanos / militares | 5 / 0 |
Foco
⚔️ 0.0% · 🌾 100.0%
Feudal
—
Castillos
—
Imperial
—
| APM promedio | 64.7 |
| APM pico | 28 |
| eAPM promedio | 27.7 |
| Aldeanos / militares | 5 / 0 |
Foco
⚔️ 0.0% · 🌾 100.0%
Feudal
—
Castillos
—
Imperial
—
| APM promedio | 106.2 |
| APM pico | 46 |
| eAPM promedio | 27.7 |
| Aldeanos / militares | 4 / 0 |
Foco
⚔️ 0.0% · 🌾 100.0%
Feudal
—
Castillos
—
Imperial
—
| APM promedio | 85.5 |
| APM pico | 37 |
| eAPM promedio | 32.3 |
| Aldeanos / militares | 4 / 0 |
Foco
⚔️ 0.0% · 🌾 100.0%
Feudal
—
Castillos
—
Imperial
—
| APM promedio | 76.2 |
| APM pico | 33 |
| eAPM promedio | 37.0 |
| Aldeanos / militares | 6 / 0 |
Foco
⚔️ 0.0% · 🌾 100.0%
Feudal
—
Castillos
—
Imperial
—
| APM promedio | 97.0 |
| APM pico | 42 |
| eAPM promedio | 27.7 |
| Aldeanos / militares | 5 / 0 |
Foco
⚔️ 0.0% · 🌾 100.0%
Feudal
—
Castillos
—
Imperial
—
| APM promedio | 13.9 |
| APM pico | 6 |
| eAPM promedio | 13.9 |
| Aldeanos / militares | 0 / 0 |
Feudal
—
Castillos
—
Imperial
—
| APM promedio | 55.4 |
| APM pico | 24 |
| eAPM promedio | 25.4 |
| Aldeanos / militares | 4 / 0 |
Foco
⚔️ 0.0% · 🌾 100.0%
Mapa de la partida
Recursos iniciales + cada clic de construcción. Líneas = muros · curvas = relieve. ◆ oro · ⬟ piedra · ● bayas · ✦ reliquia · ◌ hueco del cierre
Tu base
Base de mikeymazko
Base de DeathThunder
Base de Moose2136
Base de LvSP | cePeD el Huno
Base de Buda
Base de Franjin
Base de LvSP| SteveAnd
Terreno inicial suavizado · ◌ = hueco del cierre detectado · pasá el cursor para detalles
Inputs por minuto
— Wizo - - mikeymazko
Build order — Wizo
7 acciones detectadas en el replay
| 0:02 | Construir | House |
| 0:04 | Construir | House |
| 0:05 | Crear | Villager (Male) |
| 0:05 | Crear | Villager (Male) |
| 0:05 | Crear | Villager (Male) |
| 0:06 | Crear | Villager (Male) |
| 0:06 | Crear | Villager (Male) |
Build order — mikeymazko
7 acciones detectadas en el replay
| 0:00 | Crear | Villager (Male) |
| 0:01 | Crear | Villager (Male) |
| 0:01 | Crear | Villager (Male) |
| 0:01 | Crear | Villager (Male) |
| 0:01 | Crear | Villager (Male) |
| 0:03 | Construir | House |
| 0:05 | Construir | House |
Build order — DeathThunder
6 acciones detectadas en el replay
| 0:01 | Crear | Villager (Male) |
| 0:01 | Crear | Villager (Male) |
| 0:02 | Construir | House |
| 0:04 | Construir | House |
| 0:07 | Crear | Villager (Male) |
| 0:07 | Crear | Villager (Male) |
Build order — Moose2136
6 acciones detectadas en el replay
| 0:00 | Crear | Villager (Male) |
| 0:00 | Crear | Villager (Male) |
| 0:03 | Construir | House |
| 0:04 | Construir | House |
| 0:04 | Crear | Villager (Male) |
| 0:15 | Crear | Villager (Male) |
Build order — LvSP | cePeD el Huno
8 acciones detectadas en el replay
| 0:01 | Crear | Villager (Male) |
| 0:01 | Crear | Villager (Male) |
| 0:01 | Crear | Villager (Male) |
| 0:02 | Construir | House |
| 0:05 | Construir | House |
| 0:10 | Crear | Villager (Male) |
| 0:10 | Crear | Villager (Male) |
| 0:10 | Crear | Villager (Male) |
Build order — Buda
7 acciones detectadas en el replay
| 0:01 | Crear | Villager (Male) |
| 0:01 | Crear | Villager (Male) |
| 0:02 | Crear | Villager (Male) |
| 0:02 | Crear | Villager (Male) |
| 0:02 | Crear | Villager (Male) |
| 0:04 | Construir | House |
| 0:05 | Construir | House |
Build order — Franjin
0 acciones detectadas en el replay
Build order — LvSP| SteveAnd
3 acciones detectadas en el replay
| 0:01 | Crear | Villager (Male) ×4 |
| 0:03 | Construir | House |
| 0:04 | Construir | House |
Cronología de la partida
| 0:19 | Franjin · resign |
[ ANÁLISIS IA · 1 CRÉDITO ]
¿Qué pasó realmente en esta partida?
Wolo.gg analiza cada decisión: build order, eco, micro, errores típicos por bracket. Análisis personalizado por WhatsApp o Discord en 30 segundos.
Guía civ
Magiares
Perfil
Jugador #3215051